Map: Overgrowth LE (Void)

Players

dallaskuken - Winner!

  • Race: Protoss Protoss
  • League: Platinum
  • Spawn Location: 1:00

Myran

  • Race: Protoss Protoss
  • Spawn Location: 7:00

VOD

Have the link to the VOD?

Description

Time

  • Played on: March 11, 2017, 4:28 p.m.
  • Length: 10:41
Show
View Real Time Build Order
Export as new Build Order

dallaskuken Protoss - Winner!

Build Orders:  

Get SALT Encoding   

  12  0:01  Probe (Chrono Boost)  
  13  0:11  Probe (Chrono Boost)  
  14  0:22  Probe (Chrono Boost)  
  15  0:30  Pylon  
  15  0:44  Pylon  
  15  0:48  Probe (Chrono Boost)  
  16  0:58  Probe (Chrono Boost)  
  17  1:09  Probe (Chrono Boost)  
  17  1:10  Gateway  
  17  1:20  Probe (Chrono Boost)  
  18  1:29  Assimilator  
  18  1:30  Probe (Chrono Boost)  
  19  1:41  Probe (Chrono Boost)  
  19  1:45  Gateway  
  20  1:52  Nexus  
  20  2:00  Gateway  
  20  2:08  Cybernetics Core  
  20  2:24  Probe (Chrono Boost)  
  21  2:30  Zealot  
  21  2:34  Probe (Chrono Boost)  
  24  2:39  Assimilator  
  24  2:45  Warp Gate, Probe (Chrono Boost)  
  24  2:48  Stalker  
  27  2:54  Zealot  
  27  2:55  Probe (Chrono Boost)  
  30  3:05  Pylon  
  30  3:06  Probe (Chrono Boost)  
  30  3:10  Probe (Chrono Boost)  
  32  3:17  Probe (Chrono Boost)  
  33  3:21  Stalker  
  35  3:27  Probe (Chrono Boost)  
  35  3:30  Zealot  
  35  3:34  Probe (Chrono Boost)  
  39  3:38  Probe (Chrono Boost)  
  40  3:44  Probe (Chrono Boost)  
  40  3:45  Pylon  
  41  3:48  Pylon  
  41  3:55  Stalker, Probe (Chrono Boost)  
  42  4:02  Probe (Chrono Boost)  
  45  4:05  Probe (Chrono Boost)  
  46  4:11  Stalker  
  46  4:12  Probe (Chrono Boost)  
  46  4:16  Probe (Chrono Boost)  
  50  4:23  Probe (Chrono Boost)  
  51  4:33  Probe (Chrono Boost)  
  51  4:38  Gateway  
  52  4:40  Probe (Chrono Boost)  
  52  4:41  Gateway  
  52  4:44  Probe (Chrono Boost)  
  52  4:45  Gateway  
  54  4:51  Probe (Chrono Boost)  
  55  4:56  Stalker x3  
  61  5:23  Stalker  
  61  5:24  Stalker x2  
  65  5:46  Robotics Facility  
  65  5:51  Pylon  
  65  5:52  Probe (Chrono Boost)  
  65  5:53  Pylon  
  65  5:55  Stalker x2  
  65  5:56  Pylon  
  70  5:59  Gateway  
  70  6:03  Gateway  
  70  6:05  Gateway  
  70  6:09  Probe (Chrono Boost)  
  70  6:10  Sentry  
  73  6:11  Sentry x3  
  79  6:30  Stalker x2  
  83  6:40  Assimilator  
  83  6:42  Stalker  
  83  6:44  Assimilator  
  83  6:45  Pylon  
  83  6:46  Pylon  
  85  6:52  Stalker  
  87  6:54  Zealot x2  
  91  7:08  Zealot x3  
  83  7:36  Sentry x2  
  83  7:38  Stalker  
  85  8:14  Stalker x5  
  95  8:22  Pylon  
  95  8:24  Pylon  
  95  8:27  Pylon  
  83  8:36  Zealot x5  
  83  8:37  Zealot x4  
  75  9:05  Stalker  
  75  9:06  Stalker x5  
  75  9:07  Stalker x2  
  65  9:45  Stalker x2  
  65  9:46  Stalker x7  
  73  10:11  Stalker x3  
  73  10:12  Stalker x5  
Show
View Real Time Build Order
Export as new Build Order

Myran Protoss 

Build Orders:  

Get SALT Encoding   

  12  0:02  Probe (Chrono Boost)  
  13  0:12  Probe (Chrono Boost)  
  14  0:27  Pylon  
  15  0:28  Probe (Chrono Boost)  
  15  0:45  Probe (Chrono Boost)  
  16  0:52  Gateway  
  16  0:56  Probe (Chrono Boost)  
  17  1:04  Pylon  
  17  1:06  Probe (Chrono Boost)  
  18  1:17  Probe (Chrono Boost)  
  19  1:22  Assimilator  
  19  1:27  Probe (Chrono Boost)  
  20  1:38  Probe (Chrono Boost)  
  20  1:39  Zealot  
  23  1:46  Cybernetics Core  
  23  1:48  Probe (Chrono Boost)  
  23  1:52  Pylon  
  24  1:59  Probe (Chrono Boost)  
  25  2:03  Zealot  
  27  2:10  Probe (Chrono Boost)  
  29  2:22  Probe (Chrono Boost)  
  29  2:24  Nexus  
  29  2:26  Pylon  
  29  2:29  Stalker  
  32  2:44  Probe (Chrono Boost)  
  32  2:49  Forge  
  32  2:53  Warp Gate  
  32  2:55  Stalker  
  33  2:58  Probe (Chrono Boost)  
  35  3:10  Gateway  
  35  3:11  Probe (Chrono Boost)  
  36  3:23  Stalker  
  38  3:29  Photon Cannon  
  38  3:33  Assimilator  
  38  3:46  Probe (Chrono Boost)  
  39  3:50  Zealot, Probe (Chrono Boost)  
  42  3:57  Probe (Chrono Boost)  
  42  4:02  Pylon, Probe (Chrono Boost)  
  44  4:09  Gateway  
  44  4:12  Probe (Chrono Boost)  
  44  4:13  Stalker  
  44  4:15  Stalker  
  44  4:16  Probe (Chrono Boost)  
  50  4:39  Zealot  
  52  4:45  Zealot  
  52  4:47  Robotics Facility  
  54  4:53  Probe (Chrono Boost)  
  54  4:58  Assimilator  
  55  5:04  Probe (Chrono Boost)  
  56  5:12  Assimilator  
  54  5:31  Stalker x2  
  54  5:32  Stalker  
  58  5:38  Observer  
  59  5:45  Probe (Chrono Boost)  
  60  5:56  Probe (Chrono Boost)  
  61  5:59  Immortal  
  61  6:00  Probe (Chrono Boost)  
  66  6:05  Zealot  
  66  6:06  Zealot  
  70  6:12  Pylon  
  70  6:15  Pylon  
  70  6:26  Twilight Council  
  70  6:30  Probe (Chrono Boost)  
  70  6:31  Pylon  
  70  6:32  Probe (Chrono Boost)  
  72  6:35  Stalker x3  
  72  6:37  Pylon  
  72  6:39  Immortal  
  82  6:41  Gateway  
  82  6:45  Photon Cannon  
  82  6:49  Pylon  
  82  6:50  Photon Cannon  
  82  6:51  Probe (Chrono Boost)  
  82  6:52  Pylon  
  83  6:57  Pylon  
  84  7:01  Probe (Chrono Boost)  
  84  7:05  Zealot x3  
  90  7:12  Probe (Chrono Boost)  
  91  7:22  Probe (Chrono Boost)  
  86  7:26  Nexus  
  82  7:40  Charge  
  82  7:41  Stalker x3  
  88  7:44  Protoss Shields Level 1  
  88  7:46  Immortal  
  92  8:03  Probe (Chrono Boost)  
  93  8:13  Pylon  
  93  8:15  Probe (Chrono Boost)  
  93  8:17  Stalker x2, Pylon  
  93  8:19  Zealot  
  100  8:25  Immortal  
  74  8:52  Stalker  
  74  8:53  Stalker x3  
  64  9:05  Immortal  
  64  9:23  Zealot  
  64  9:24  Zealot x3  
  52  9:44  Immortal  
  52  9:45  Zealot x2  
  51  9:46  Zealot x2  
  47  10:06  Zealot  
  47  10:07  Zealot x3  
Tags
 
Add a new tag
Caveats
  • Supply blocks, unpowered buildings, or Contaminate may cause inaccurate times.
  • Supply counts are checked every 10 seconds.